 Dungeon Crawl Stone Soup version 0.27.1 (webtiles) character file.

Game seed: 10362280180308026377

337 ZARRMARR the Digger (level 6, 0/48 HPs)
             Began as a Gargoyle Earth Elementalist on Aug 23, 2021.
             Slain by a mummy (12 damage)
             ... in an ossuary.
             The game lasted 00:23:03 (4308 turns).

ZARRMARR the Digger (Gargoyle Earth Elementalist)   Turns: 4308, Time: 00:23:04

Health: 0/48       AC: 27    Str: 12    XL:     6   Next: 54%
Magic:  0/12       EV:  2    Int: 17    God:
Gold:   867        SH:  0    Dex: 10    Spells: 9/13 levels left

rFire    . . .     SeeInvis .   (no weapon)
rCold    . . .     Faith    .   (no shield)
rNeg     + + +     Spirit   .   (armour currently unavailable)
rPois    ∞         Reflect  .   (helmet currently unavailable)
rElec    .         Harm     .   (cloak currently unavailable)
rCorr    .         Rampage  .   (gloves currently unavailable)
Will     .....     NoTele   +   (boots currently unavailable)
Stlth    ++........             (no amulet)
HPRegen  0.16/turn              d - +4 ring of protection
MPRegen  0.13/turn              l - +4 ring of slaying

@: brilliant, tree-form
A: stationary, stasis, torment immunity, boosted hp, sickness immunity, AC +4,
negative energy resistance 1, (electricity resistance), torment resistance 1,
petrification resistance
a: no special abilities


You were in an ossuary.
You were a tree.
You visited 1 branch of the dungeon, and saw 4 of its levels.
You also visited: Ossuary.

You collected 867 gold pieces.

Inventory:

Missiles
 c - 29 stones
 m - 13 poisoned darts (quivered)
Armour
 b - a +0 robe (melded)
 o - a +0 cloak (melded)
Jewellery
 d - a +4 ring of protection (left branch)
 i - a ring of protection from fire
 l - a +4 ring of slaying (right branch)
 n - a ring of fire
Scrolls
 h - 4 scrolls of teleportation
 k - a scroll of immolation
Potions
 f - a potion of heal wounds {unknown}
 g - a potion of haste {unknown}
 j - a potion of curing {unknown}
 q - 2 potions of brilliance


   Skills:
 + Level 1.8 Dodging
 + Level 2.7 Stealth
 + Level 4.2 Spellcasting
 * Level 3.0 Conjurations
 - Level 0.7 Transmutations
 - Level 5.5 Earth Magic


You had 9 spell levels left.
You knew the following spells:

 Your Spells              Type           Power      Damage    Failure   Level
a - Sandblast             Erth           66%        2d15      1%          1
b - Stone Arrow           Conj/Erth      54%        3d10      9%          3

Your spell library contained the following spells:

 Spells                   Type           Power      Damage    Failure   Level
 Passwall                 Tmut/Erth      17%        N/A       7%          2
 Shock                    Conj/Air       52%        1d6       9%          1
 Petrify                  Tmut/Erth      21%        N/A       41%         4
 Swiftness                Air            5%         N/A       43%         3
 Airstrike                Air            2%         N/A       83%         4


Dungeon Overview and Level Annotations

Branches:
Dungeon (4/15)            Ossuary (1/1)
 Temple: D:4-7

Altars:
Trog

Shops:
D:2 *


Innate Abilities, Weirdness & Mutations

You are a tree.
Your roots penetrate the ground, keeping you stationary.
You cannot be teleported.
You are immune to unholy pain and torment.
Your maximum health is greatly increased.
Your equipment is partially melded.
You are immune to sickness and miasma.
((Your stone body is resilient. (AC +4)))
You are immune to poison.
You resist negative energy. (rN+)
((You are resistant to electric shocks. (rElec)))
You are resistant to unholy torment.
You are immune to petrification.


Message History

The human zombie hits you but does no damage.
You hit the human zombie.
The human zombie is almost destroyed.
The orc zombie hits you but does no damage.
You hit the human zombie.
You destroy the human zombie!
The orc zombie closely misses you. The mummy hits you!
It was a potion of brilliance.
You feel clever all of a sudden. The orc zombie barely misses you.
Casting: Sandblast (safe; 1% risk of failure)
Confirm with . or Enter, or press ? or * to list all spells.
Okay, then.
You hit the mummy.
The mummy is moderately damaged.
The mummy barely misses you. The orc zombie closely misses you.
You barely miss the mummy.
The mummy is moderately damaged.
The mummy barely misses you.
Casting: Sandblast (safe; 1% risk of failure)
Confirm with . or Enter, or press ? or * to list all spells.
Aiming: Sandblast (safe; 1% risk of failure)
Press: ? - help, Shift-Dir - straight line, f - orc zombie
Aim: an orc zombie (94% to hit)
You feel a surge of power!
The blast of sand hits the orc zombie.
The orc zombie is severely damaged.
c - 29 stones The orc zombie closely misses you.
You hit the orc zombie.
You destroy the orc zombie!
The mummy hits you!
* * * LOW HITPOINT WARNING * * *
Your Conjurations skill increases to level 3!
It was a potion of flight.
You feel very buoyant.
You fly up into the air.
It was a potion of lignification.
You turn into a tree.
Your +0 cloak melds into your body.
Your +0 robe melds into your body.
Your roots penetrate the ground.
The mummy hits you!
You die...

#####
##..♣##
##..M..##
#...∩...#
#.......#
#...∩...#
##.....##
##...##
#...#
#...#


You could see a mummy.

Vanquished Creatures
  A scorpion (D:4)
  2 water moccasin skeletons
  A centaur zombie (Ossuary)
  A human zombie (Ossuary)
  An iguana (D:4)
  A gnoll (D:1)
  A howler monkey skeleton (D:4)
  An adder (D:4)
  An adder skeleton (D:4)
  A worm (D:2)
  A dart slug (D:3)
  3 bats
  5 endoplasms
  6 giant cockroaches
  3 goblins
  5 hobgoblins
  8 kobolds
  3 quokkas
  7 ball pythons
  2 frilled lizards (D:1)
  An orc zombie (Ossuary)
  9 rats
64 creatures vanquished.

Notes
Turn   | Place    | Note
-------+----------+-------------------------------------------
     0 | D:1      | ZARRMARR the Gargoyle Earth Elementalist began the quest
                  | for the Orb.
     0 | D:1      | Reached XP level 1. HP: 10/10 MP: 3/3
   195 | D:1      | Reached skill level 4 in Earth Magic
   229 | D:1      | Reached XP level 2. HP: 15/15 MP: 0/5
   524 | D:1      | You fall into a shaft and drop 1 floor!
   723 | D:1      | Reached XP level 3. HP: 19/19 MP: 3/6
  1073 | D:1      | Learned a level 3 spell: Stone Arrow
  1353 | D:2      | Reached XP level 4. HP: 24/24 MP: 3/8
  1470 | D:2      | Found Coosuze's General Store.
  1793 | D:2      | Found a bloodstained altar of Trog.
  2675 | D:3      | Reached skill level 1 in Conjurations
  2676 | D:3      | Reached XP level 5. HP: 28/28 MP: 0/10
  3693 | D:3      | Found a faded altar of an unknown god.
  3759 | D:3      | Identified a scroll of acquirement
  3759 | D:3      | Acquired 744 gold pieces
  3813 | D:4      | Reached skill level 5 in Earth Magic
  3993 | D:4      | Reached XP level 6. HP: 32/32 MP: 7/11
  4269 | D:4      | Found a sand-covered staircase.
  4275 | Ossuary  | Entered an ossuary
  4308 | Ossuary  | Slain by a mummy

Illustrated notes

Levels and vault maps discovered:
D:1:      ebering_trefoil_twist, layout_basic, interstate_on_off,
          chequers_serial_rivers_micro_a, minmay_distorted
D:2:      layout_basic, basic_altar, serial_shops, nicolae_shop_trees
D:3:      layout_basic, shapermc_ecumenical_altar_mp_vishouse
D:4:      layout_layer_cave, gup_ossuary_entry_pyramid
Ossuary:  minmay_ossuary_gauntlet

Skill      XL: |  1  2  3  4  5  6 |
---------------+-------------------+-----
Earth Magic    | 4 5 |  5.5
Spellcasting   | 3 4 |  4.2
Conjurations   | 1 2 3 |  3.0
Dodging        | |  1.8
Stealth        | |  2.7
Transmutations | |  0.7

Action                   |  1- 3 |  4- 6 || total
-------------------------+-------+-------++-------
Melee: Unarmed           |    71 |    19 ||    90
Throw: Dart              |       |    13 ||    13
 Cast: Sandblast         |    41 |    23 ||    64
       Stone Arrow       |       |    27 ||    27
  Use: Scroll            |       |     5 ||     5
       Potion            |       |     3 ||     3
Armor: Robe              |    41 |    19 ||    60
Dodge: Dodged            |    45 |    16 ||    61
